 Dungeon Crawl Stone Soup version 0.32-a0-711-g016ad74 (webtiles) character file.

Game seed: 16497776671045463619

355 PidgeyThePirate the Shooter (level 6, -3/47 HPs)
             Began as a Coglin Hunter on Mar 15, 2024.
             Killed by divine providence
             ... invoked by an orc priest
              (12 damage)
             ... on level 3 of the Dungeon.
             The game lasted 00:04:36 (2030 turns).

PidgeyThePirate the Shooter (Coglin Hunter)         Turns: 2030, Time: 00:04:36

Health: -3/47      AC:  5    Str: 11    XL:     6   Next: 63%
Magic:  6/6        EV: 11    Int:  9    God:
Gold:   134        SH:  0    Dex: 19    Spells: 5/5 levels left

rFire   . . .        a - +2 sling {Mizue}
rCold   . . .        k - +1 sling (flame) {Salvador}
rNeg    . . .        c - +0 leather armour
rPois   .            (no helmet)
rElec   .            (no cloak)
rCorr   .            n - +1 pair of gloves
SInv    .            (no boots)
Will    .....        (amulet unavailable)
Stlth   ++           (ring unavailable)
HPRegen 0.27/turn    (ring unavailable)
MPRegen 0.10/turn    (no gizmo)

%: no passive effects
@: revving
A: off-hand wielding, slow wielding, warmup strikes, no jewellery
a: Invent Gizmo, Convert to Beogh


You were on level 3 of the Dungeon.
You visited 1 branch of the dungeon, and saw 4 of its levels.

You collected 134 gold pieces.

Inventory:

Hand Weapons
 a - a +2 sling (weapon) {Mizue}
 k - a +1 sling of flaming (offhand) {Salvador}
Missiles
 j - 2 throwing nets
Armour
 c - a +0 leather armour (worn)
 n - a +1 pair of gloves (worn)
Scrolls
 b - a scroll of butterflies
 d - a scroll of fog
 e - a scroll of revelation {unknown}
 g - 2 scrolls of identify
 h - 2 scrolls of immolation
 i - a scroll of summoning {unknown}
 p - 2 scrolls of teleportation {unknown}
 q - a scroll of poison {unknown}
Potions
 f - 4 potions of curing {unknown}
 l - a potion of cancellation {unknown}
 m - 2 potions of brilliance {unknown}
 o - a potion of attraction {unknown}
 r - a potion of heal wounds {unknown}


   Skills:
 + Level 3.2 Fighting
 + Level 6.3 Ranged Weapons
 + Level 1.1 Armour
 + Level 2.0 Dodging
 + Level 1.0 Stealth


You had 5 spell levels left.
You didn't know any spells.
Your spell library contained the following spells:

 Spells                   Type           Power      Damage    Failure   Level
 Call Imp                 Summ           0%         N/A       63%         2
 Sublimation of Blood     Necr           0%         N/A       63%         2
 Summon Hydra             Summ           0%         N/A       100%        7


Dungeon Overview and Level Annotations

Branches:
Dungeon (4/15)
 Temple: D:4-7

Altars:


Innate Abilities, Weirdness & Mutations

You can wield a second weapon in your off-hand.
It takes a long time for you to wield or remove held weapons.
Your first few attacks do less damage.
You cannot equip rings or amulets.


Message History

a +0 robe; a +0 dagger; an adder skeleton
There is a stone staircase leading down here.
You climb downwards.
The orc priest hits you with a +0 hand axe.
There is a stone staircase leading up, spattered with blood here.
You shoot a sling bullet.
The sling bullet hits the orc priest but does no damage.
You shoot a sling bullet.
The sling bullet barely misses the orc priest.
The orc priest calls down the wrath of Beogh upon you.
Beogh smites you!
You shoot a sling bullet.
The sling bullet closely misses the orc priest.
You shoot a sling bullet.
The sling bullet closely misses the orc priest.
The orc priest threatens, "Beogh's wrath is as vast as their mercy.
Make your choice!"
The orc priest hits you with a +0 hand axe.
The orc priest shouts, "Surrender to Beogh and we'll let you live!"
The orc priest closely misses you.
You climb upwards.
There is a stone staircase leading down here.
The orc priest hits you with a +0 hand axe.
The orc priest invokes the aid of Beogh against you.
Beogh smites you!
* * * LOW HITPOINT WARNING * * *
Things that are here:
a +0 robe; a +0 dagger; an adder skeleton The orc priest hits you but does no damage.
Things that are here:
a +0 robe; a +0 dagger; an adder skeleton You shoot a sling bullet.
The sling bullet hits the orc priest.
The sling bullet burns the orc priest.
The orc priest is heavily wounded.
You shoot a sling bullet.
The sling bullet barely misses the orc priest.
The orc priest hits you with a +0 hand axe.
* * * LOW HITPOINT WARNING * * *
The orc priest mumbles some strange prayers to Beogh against you.
Beogh smites you!
You die...

#............##.###
###............##.#..
#..............##.#.#
#.#............##.#.#
#.###.#####....##.#.#
#.#..............†.)†
#...#.....#†...##...#
#..##.#############.#
#>.o@......### #.#
#.#####.##...# #.#
#.........##.## #.#
#.##########..#####..
#.# ##........ #.#
##..##... ####.#########
##.##...
#......#.....#####.##...
#......#.).#......†##...


You could see an orc priest.

Vanquished Creatures
  An ogre (D:3)
  A bombardier beetle (D:3)
  2 iguanas
  A sleepcap (D:3)
  An orc wizard (D:3)
  7 adders
  A dart slug (D:3)
  A ribbon worm (D:2)
  6 orcs (D:3)
  9 bats
  5 endoplasms
  3 giant cockroaches
  7 goblins
  A hobgoblin (D:2)
  6 jackals
  4 quokkas
  3 ball pythons
  4 frilled lizards
  6 kobolds
  2 rats (D:3)
71 creatures vanquished.

Notes
Turn   | Place    | Note
-------+----------+-------------------------------------------
     0 | D:1      | PidgeyThePirate the Coglin Hunter began the quest for the
                  | Orb.
     0 | D:1      | Reached XP level 1. HP: 16/16 MP: 1/1
    26 | D:1      | Reached skill level 1 in Stealth
   112 | D:1      | Found a faded altar of an unknown god.
   157 | D:1      | Reached XP level 2. HP: 22/22 MP: 2/2
   321 | D:1      | Reached skill level 4 in Ranged Weapons
   673 | D:2      | Reached XP level 3. HP: 19/27 MP: 3/3
   887 | D:2      | Reached XP level 4. HP: 34/34 MP: 4/4
   922 | D:2      | Identified the amulet of Wopn {Reflect Regen+ Dex+2 SH+5
                  | SInv}
  1391 | D:3      | Reached XP level 5. HP: 40/40 MP: 5/5
  1416 | D:3      | Reached skill level 5 in Ranged Weapons
  1500 | D:3      | Reached skill level 1 in Armour
  1502 | D:3      | Noticed an ogre
  1513 | D:3      | Killed an ogre
  1588 | D:3      | Reached XP level 6. HP: 47/47 MP: 6/6
  1726 | D:4      | Reached skill level 6 in Ranged Weapons
  2030 | D:3      | Killed from afar by an orc priest

Illustrated notes

Levels and vault maps discovered:
D:1:      nicolae_arrival_memento_mori, layout_basic,
          hellmonk_ecumenical_altar_blasted, minmay_unequal
D:2:      layout_loops_ring
D:3:      layout_basic
D:4:      layout_rooms, nicolae_overflow_crystal_walls,
          nicolae_overflow_hidden_temple

Skill      XL: |  1  2  3  4  5  6 |
---------------+-------------------+-----
Stealth        | 1 |  1.0
Dodging        | 2 |  2.0
Ranged Weapons | 4 5 6 |  6.3
Armour         | 1 |  1.1
Fighting       | 3 |  3.2

Action                     |  1- 3 |  4- 6 || total
---------------------------+-------+-------++-------
   Fire: Sling             |   124 |   172 ||   296
    Use: Scroll            |       |     1 ||     1
 Armour: Leather armour    |    16 |    31 ||    47
  Dodge: Dodged            |    18 |    25 ||    43

Table legend: (Time is in decaauts)
 A = Elapsed time spent in this place.
 B = Non-inter-level travel time spent in this place.
 C = Inter-level travel time spent in this place.
 D = Time resting spent in this place.
 E = Time spent auto-exploring this place.
 F = Levels seen in this place.
 G = Mean time per level.
                   A        B        C        D        E       F      G
               +--------+--------+--------+--------+--------+-----+--------+
         Total |   2062 |   2033 |     29 |      0 |   1582 |   4 |  515.5 |
       Dungeon |   2062 |   2033 |     29 |      0 |   1582 |   4 |  515.5 |
               +--------+--------+--------+--------+--------+-----+--------+

Top non-repeatable levels by time:
     D:3: 727 daAuts
     D:1: 671 daAuts
     D:2: 643 daAuts
     D:4: 20 daAuts
